 Dungeon Crawl Stone Soup version 0.29.1-15-g9cfb28693d (webtiles) character file.

Game seed: 10113636527688979345

645 protoss039 the Digger (level 7, 52/52 HPs)
             Began as a Demonspawn Earth Elementalist on Mar 1, 2023.
             Got out of the dungeon alive.
             The game lasted 00:10:20 (5795 turns).

protoss039 the Digger (DsEE)                        Turns: 5795, Time: 00:10:20

Health: 52/52      AC:  4    Str: 14    XL:     7   Next: 27%
Magic:  12/12      EV: 12    Int: 18    God:
Gold:   312        SH:  0    Dex: 14    Spells: 7/13 levels left

rFire   . . .      SeeInvis .   v - +4 dagger (venom)
rCold   . . .      Faith    .   (no shield)
rNeg    . . .      Spirit   .   p - +1 leather armour {rPois}
rPois   +          Reflect  .   (helmet restricted)
rElec   .          Harm     .   (no cloak)
rCorr   .          Rampage  .   (no gloves)
Will    .....                   (no boots)
Stlth   ++........              (no amulet)
HPRegen 0.17/turn               q - +6 ring of strength
MPRegen 0.13/turn               (no ring)

@: no status effects
A: claws 2, hooves 1, horns 1, foul stench 1, powered by death 1
a: no special abilities


You escaped.
You visited 1 branch of the dungeon, and saw 4 of its levels.

You collected 312 gold pieces.

Inventory:

Hand Weapons
 e - a +2 hand axe of electrocution
 l - the +7 hammer of Cocytus {vamp, rPois rF++ Will-}
   (You found it on level 2 of the Dungeon)

   It occasionally heals its wielder for a portion of the damage dealt when it
   wounds a living foe.
   rF:        It greatly protects you from fire.
   rPois:     It protects you from poison.
   Will:      It decreases your willpower.
 v - a +4 dagger of venom (weapon)
Missiles
 r - 8 poisoned darts
Armour
 p - a +1 leather armour of poison resistance (worn)
Jewellery
 q - a +6 ring of strength (left claw)
Wands
 s - a wand of roots (9)
Scrolls
 a - a scroll of magic mapping
 d - a scroll of butterflies
 f - a scroll of vulnerability {unknown}
 h - a scroll of blinking {unknown}
 i - a scroll of amnesia {unknown}
 m - a scroll of teleportation {unknown}
 n - a scroll of identify
 o - a scroll of summoning {unknown}
Potions
 b - a potion of magic
 c - 3 potions of lignification
 g - a potion of curing
 j - a potion of cancellation {unknown}
 k - a potion of mutation {unknown}
 u - a potion of heal wounds {unknown}


   Skills:
 + Level 3.5 Fighting
 - Level 3.0 Dodging
 - Level 3.0 Stealth
 + Level 3.8 Spellcasting
 + Level 2.1 Conjurations
 - Level 1.0 Transmutations
 + Level 4.3 Earth Magic


You had 7 spell levels left.
You knew the following spells:

 Your Spells              Type           Power      Damage    Failure   Level
a - Sandblast             Erth           38%        2d10      3%          1
b - Passwall              Tmut/Erth      10%        N/A       10%         2
c - Stone Arrow           Conj/Erth      30%        3d8       16%         3

Your spell library contained the following spells:

 Spells                   Type           Power      Damage    Failure   Level
 Petrify                  Tmut/Erth      13%        N/A       54%         4
 Animate Dead             Necr           3%         N/A       88%         4
 Haunt                    Necr/Summ      1%         N/A       100%        7
 Infestation              Necr           1%         N/A       100%        8


Dungeon Overview and Level Annotations

Branches:
Dungeon (4/15) Zot: 18117
 Temple: D:4-7

Altars:

Annotations:
D:2 1 runed translucent door, Crazy Yiuf


Innate Abilities, Weirdness & Mutations

You have very sharp fingernails.
You have large cloven feet.
You have a pair of small horns on your head.
You may rarely emit foul miasma when damaged in melee.
You regenerate a little health from kills.


Message History

Done exploring.
Search for what [Enter for "."]? .
Okay, then.
Okay, then.
As you read the scroll labelled HISUSE JAQOJ, it crumbles to dust.
It is a scroll of identify.
a - a scroll of magic mapping
As you read the scroll of identify, it crumbles to dust.
d - a scroll of butterflies
As you read the scroll of identify, it crumbles to dust.
g - a potion of curing
Okay, then.
Okay, then.
Okay, then.
Your +4 dagger of venom stops dripping with poison.
You are now empty-clawed.
You drop a +4 dagger of venom.
v - a +4 dagger of venom Your +4 dagger of venom begins to drip with poison!
v - a +4 dagger of venom (weapon)
(D) Dungeon
Where to? (Enter - D:3 @ (x,y), ? - help)
What level of the Dungeon? (default 1, ? - help)
There is an open door here.
There is a stone staircase leading up here.
You climb upwards.
There is a stone staircase leading down here.
You see here a +0 club.
Things that are here:
a +0 leather armour; a +0 hand axe
There is a stone staircase leading up here.
You climb upwards.
Level annotation: 1 runed translucent door, Crazy Yiuf
There is a stone staircase leading down here.
There is a stone staircase leading up here.
You climb upwards.
There is a stone staircase leading down here.
There is an open gate here.
There is a staircase leading out of the dungeon here.
Are you sure you want to leave the Dungeon?
This will make you lose the game!
You have escaped!

##.#.##....###.....##....#.#..##[
##.##......##...#...######.......
....#####..##...#...## ###.####
.##.# #..#.(.###...# #.# .##.#
######...# #...## #.# .♣♣.♣
#...#...## ##...# #.# .♣P.♣
#.###...#####...## #.#
.♣.P♣♣#.##.............# ##.##
.♣.P.♣..##......@......# #.[.#
.♣..P♣..################ #...#
.♣.P.♣........# #...#
.♣♣♣.♣.####..## #.###
.♣♣..♣.......########## #.#
..♣.♣♣#####.###.......#####.#
....# ####.###.###.........#
##### #......[.##....#######
#.##.##..##....#


There were no monsters in sight!

Vanquished Creatures
  A black bear (D:4)
  An ogre (D:4)
  A scorpion (D:4)
  A jelly (D:4)
  An orc priest (D:4)
  An iguana (D:3)
  3 orc wizards
  9 adders
  4 gnolls (D:4)
  A white imp (D:4)
  6 worms
  16 orcs
  6 bats
  7 endoplasms
  6 giant cockroaches
  7 hobgoblins
  4 jackals
  4 quokkas
  4 ball pythons
  2 frilled lizards
  4 goblins
  10 kobolds
  A rat (D:3)
100 creatures vanquished.

Notes
Turn   | Place    | Note
-------+----------+-------------------------------------------
     0 | D:1      | protoss039 the Demonspawn Earth Elementalist began the
                  | quest for the Orb.
     0 | D:1      | Reached XP level 1. HP: 13/13 MP: 3/3
   288 | D:1      | Gained mutation: You regenerate a little health from kills.
                  | [demonic ancestry]
   288 | D:1      | Reached XP level 2. HP: 20/20 MP: 5/5
   316 | D:1      | You fall into a shaft and drop 1 floor!
   526 | D:1      | Found a faded altar of an unknown god.
   610 | D:1      | Reached skill level 1 in Fighting
   610 | D:1      | Reached skill level 3 in Earth Magic
  1057 | D:1      | Learned a level 2 spell: Passwall
  1137 | D:2      | Gained mutation: You may rarely emit foul miasma when
                  | damaged in melee. [demonic ancestry]
  1137 | D:2      | Reached XP level 3. HP: 13/26 MP: 3/6
  1985 | D:2      | Found a runed translucent door.
  1985 | D:2      | Identified the +7 hammer of Cocytus {vamp, rPois rF++
                  | Will-}
  1986 | D:2      | Noticed Crazy Yiuf
  2088 | D:2      | Discovered your monstrous ancestry.
  2088 | D:2      | Gained mutation: You have sharp fingernails. [demonic
                  | ancestry]
  2088 | D:2      | Reached XP level 4. HP: 33/33 MP: 3/8
  2687 | D:3      | Gained mutation: You have large cloven feet. [demonic
                  | ancestry]
  2687 | D:3      | Reached XP level 5. HP: 9/39 MP: 4/9
  2944 | D:3      | Learned a level 3 spell: Stone Arrow
  3197 | D:3      | Reached skill level 1 in Transmutations
  4186 | D:4      | Gained mutation: You have very sharp fingernails. [demonic
                  | ancestry]
  4186 | D:4      | Reached XP level 6. HP: 42/46 MP: 6/11
  4188 | D:4      | Reached skill level 1 in Conjurations
  4700 | D:4      | Reached skill level 4 in Earth Magic
  4812 | D:4      | Gained mutation: You have a pair of small horns on your
                  | head. [demonic ancestry]
  4812 | D:4      | Reached XP level 7. HP: 17/52 MP: 0/12
  5795 | D:$      | Got out of the dungeon alive.

Illustrated notes

Levels and vault maps discovered:
D:1:      lemuel_arrival_funnel, layout_loops_cross,
          shapermc_ecumenical_altar_rom_forum, serial_forest,
          infiniplex_forest_lined_corner, infiniplex_forest_zigzag_1,
          infiniplex_forest_side_room, infiniplex_forest_lined_2,
          infiniplex_forest_corner_2, nicolae_wormholes
D:2:      layout_basic, kennysheep_generic_room_10, uniq_crazy_yiuf_cottage
D:3:      minmay_wonky_spiral, layout_basic, minmay_misc_feat_square
D:4:      layout_basic, serial_park_tiny_1, chequers_garden

Skill      XL: |  1  2  3  4  5  6  7 |
---------------+----------------------+-----
Fighting       | 1 2 3 |  3.5
Earth Magic    | 3 4 |  4.3
Spellcasting   | 3 |  3.8
Transmutations | 1 |  1.0
Stealth        | 2 3 |  3.0
Dodging        | 2 3 |  3.0
Conjurations   | 1 2 |  2.1

Action                   |  1- 3 |  4- 6 |  7- 9 || total
-------------------------+-------+-------+-------++-------
Melee: Hand axe          |    39 |    46 |       ||    85
       Kick              |       |     5 |     1 ||     6
       Dagger            |       |     4 |     4 ||     8
 Cast: Sandblast         |    37 |    75 |    16 ||   128
       Stone Arrow       |       |     4 |       ||     4
Evoke: Wand              |       |     3 |       ||     3
  Use: Potion            |       |     1 |       ||     1
       Scroll            |       |       |     3 ||     3
 Stab: Sleeping          |     1 |     1 |       ||     2
       Distracted        |     1 |       |       ||     1
Armor: Robe              |     5 |     8 |       ||    13
       Skin              |       |     4 |       ||     4
       Leather armour    |       |     8 |     1 ||     9
Dodge: Dodged            |    30 |    48 |    11 ||    89
